 Dungeon Crawl Stone Soup version 0.26.0-7-g794d0892b4 (webtiles) character file.

Game seed: 12758022825403656526

337 scsoc the Conjurer (level 6, -9/50 HPs)
             Began as a Draconian Conjurer on Jan 12, 2021.
             Mangled by an ogre
             ... wielding a +0 giant club
              (25 damage)
             ... on level 3 of the Dungeon.
             The game lasted 00:16:01 (3759 turns).

scsoc the Conjurer (Draconian Conjurer)             Turns: 3759, Time: 00:16:02

Health: -9/50      AC:  7    Str:  9    XL:     6   Next: 28%
Magic:  4/12       EV: 12    Int: 26    God:
Gold:   123        SH:  0    Dex: 10    Spells: 7/13 levels left

rFire    . . .     SeeInvis .   g - +2 dagger (venom)
rCold    . . .     Faith    .   (no shield)
rNeg     . . .     Spirit   .   (armour unavailable)
rPois    .         Reflect  .   (helmet restricted)
rElec    .         Harm     .   h - +0 cloak
rCorr    .         Rampage  .   (no gloves)
Will     .....                  (no boots)
Stlth    ++........             m - amulet of regeneration
HPRegen  0.56/turn              l - +6 ring of intelligence
MPRegen  0.13/turn              (no ring)

@: no status effects
A: unfitting armour, hooves 1, sense surroundings 1, robust 1, wild magic 1,
cold-blooded, AC +6
a: no special abilities


You were on level 3 of the Dungeon.
You visited 1 branch of the dungeon, and saw 4 of its levels.

You collected 123 gold pieces.

Inventory:

Hand Weapons
 g - a +2 dagger of venom (weapon)
Armour
 h - a +0 cloak (worn)
Jewellery
 l - a +6 ring of intelligence (left hand)
 m - an amulet of regeneration (around neck)
Wands
 b - a wand of iceblast (6)
Scrolls
 d - a scroll of remove curse
 f - a scroll of teleportation
 i - a scroll of fear
Potions
 a - a potion of brilliance
 j - a potion of cancellation


   Skills:
 + Level 0.4 Fighting
 + Level 0.3 Maces & Flails
 + Level 2.3 Dodging
 + Level 2.6 Stealth
 + Level 4.1 Spellcasting
 + Level 5.7 Conjurations


You had 7 spell levels left.
You knew the following spells:

 Your Spells              Type           Power        Failure   Level
a - Magic Dart            Conj           100%         1%          1
b - Searing Ray           Conj           90%          2%          2
c - Dazzling Flash        Conj/Hex       52%          12%         3

Your spell library contained the following spells:

 Spells                   Type           Power        Failure   Level
 Fulminant Prism          Conj/Hex       13%          34%         4
 Iskenderun's Mystic Bla  Conj/Tloc      26%          34%         4


Dungeon Overview and Level Annotations

Branches:
Dungeon (4/15)
 Temple: D:4-7

Altars:
Makhleb
Okawaru
The Shining One


Innate Abilities, Weirdness & Mutations

Your plain brown scales are hard. (AC +6)
You cannot fit into any form of body armour.
You are cold-blooded and may be slowed by cold attacks.
You have large cloven feet.
You passively map a small area around you.
You are robust. (+10% HP)
Your spells are a little harder to cast, but a little more powerful.


Message History

The ogre is lightly wounded.
The magic dart hits the ogre!
The ogre is moderately wounded.
The magic dart hits the ogre!
The ogre is heavily wounded.
The ogre hits you with a +0 giant club! A mysterious force pulls you upwards.
The hatch slams shut behind you.
The magic dart hits the ogre.
The ogre is heavily wounded.
The ogre hits you with a +0 giant club!!
* * * LOW HITPOINT WARNING * * *
You are too injured to fight recklessly!
You are too injured to fight recklessly!
You are too injured to fight recklessly!
You hit the ogre.
The ogre is poisoned.
You kick the ogre. You tail-slap the ogre.
The ogre is severely wounded.
The ogre hits you with a +0 giant club!!
Ouch! That really hurt!
You die...

#...# #...#
###########...########
)............>'......#
)[....###.#...######.#
......###.##### #.#
........#.# #.#
#####...#'##########.#
#...........@.##.#
#####.).........O.##.#
...##.............##.#
....'................#
##.รท#...#.############
........'........#
###.#...#.######.#
.............# #.#
.###.####.##.# #.#


You could see an ogre (very poisoned).

Vanquished Creatures
  An ogre (D:4)
  The ghost of FlexiRexi the Firebug, an amateur HuFE (D:3)
  A hound (D:4)
  An orc wizard (D:3)
  An adder (D:3)
  3 worms
  4 dart slugs
  2 leopard geckos (D:2)
  4 orcs (D:3)
  14 bats
  4 giant cockroaches
  8 goblins
  8 hobgoblins
  7 jackals (D:2)
  12 kobolds
  A quokka (D:3)
  A ball python (D:2)
  4 frilled lizards
  10 rats
87 creatures vanquished.

Notes
Turn   | Place    | Note
-------+----------+-------------------------------------------
     0 | D:1      | scsoc the Draconian Conjurer began the quest for the Orb.
     0 | D:1      | Reached XP level 1. HP: 14/14 MP: 3/3
   357 | D:1      | Reached XP level 2. HP: 20/20 MP: 1/5
   573 | D:1      | Learned a level 2 spell: Searing Ray
   894 | D:1      | Reached XP level 3. HP: 26/26 MP: 1/6
  1669 | D:2      | Found an iron altar of Okawaru.
  1948 | D:2      | Reached XP level 4. HP: 33/33 MP: 2/7
  2302 | D:2      | Found a burning altar of Makhleb.
  2302 | D:2      | Found a faded altar of an unknown god.
  2309 | D:2      | Found a faded altar of an unknown god.
  2314 | D:2      | Found a glowing golden altar of the Shining One.
  2316 | D:2      | Found an iron altar of Okawaru.
  2428 | D:2      | Learned a level 3 spell: Dazzling Flash
  2440 | D:2      | Gained mutation: You passively map a small area around you.
                  | [potion of mutation]
  2440 | D:2      | Gained mutation: You are robust. (+10% HP) [potion of
                  | mutation]
  2440 | D:2      | Gained mutation: You have large cloven feet. [potion of
                  | mutation]
  2440 | D:2      | Gained mutation: Your spells are a little harder to cast,
                  | but a little more powerful. [potion of mutation]
  2566 | D:3      | Found a runed translucent door.
  2566 | D:3      | Noticed FlexiRexi's ghost (amateur HuFE)
  2595 | D:3      | Killed FlexiRexi's ghost
  2596 | D:3      | Reached skill level 5 in Conjurations
  2596 | D:3      | Reached XP level 5. HP: 31/41 MP: 0/9
  3631 | D:4      | Noticed an ogre
  3678 | D:4      | Killed an ogre
  3679 | D:4      | Reached XP level 6. HP: 33/49 MP: 6/12
  3759 | D:3      | Mangled by an ogre

Illustrated notes

Levels and vault maps discovered:
D:1:      minmay_arrival_stone_box, layout_basic
D:2:      layout_rooms, chequers_temple_overflow_minitemple,
          okawaru_metal_pillars_1_2
D:3:      layout_basic, hellmonk_ghost_happy_afterlife
D:4:      layout_cave_pools, general_overflow_altar, serial_glass,
          glass_columns_a, glass_columns_a, kennysheep_generic_room_13

Skill      XL: |  1  2  3  4  5 |
---------------+----------------+-----
Stealth        | 2 |  2.6
Dodging        | 2 |  2.3
Spellcasting   | 3 4 |  4.1
Conjurations   | 5 |  5.7
Fighting       | |  0.4
Maces & Flails | |  0.3

Action                   |  1- 3 |  4- 6 || total
-------------------------+-------+-------++-------
Melee: Unarmed           |     3 |       ||     3
       Tailslap          |     2 |     2 ||     4
       Whip              |     7 |       ||     7
       Dagger            |     6 |    24 ||    30
       Kick              |       |     4 ||     4
 Cast: Magic Dart        |   107 |    95 ||   202
       Dazzling Flash    |       |     1 ||     1
  Use: Scroll            |       |     9 ||     9
       Potion            |       |     7 ||     7
Armor: Skin              |    16 |     9 ||    25
Dodge: Dodged            |    35 |    32 ||    67
